 Dungeon Crawl Stone Soup version 0.30-a0-728-gc68057be0a (webtiles) character file.

Game seed: 1558983105516740987

4739 DeathSun the Severer (level 10, -9/81 HPs)
             Began as a Hill Orc Fighter on Jan 30, 2023.
             Was a Follower of Makhleb.
             Mangled by a bone dragon (24 damage)
             ... on level 8 of the Dungeon.
             The game lasted 00:19:24 (8999 turns).

DeathSun the Severer (Hill Orc Fighter)             Turns: 8999, Time: 00:19:25

Health: -9/81      AC:  8    Str: 30    XL:     10   Next: 46%
Magic:  14/15      EV:  9    Int:  8    God:    Makhleb [*.....]
Gold:   340        SH: 28    Dex: 15    Spells: 9/9 levels left

rFire   . . .      SeeInvis .    a - +0 war axe
rCold   . . .      Faith    .    y - +18 shield of the Gong {Loud rElec rN+ Will+ EV-5}
rNeg    + . .      Spirit   .    L - +5 robe of Sefruuwk {rElec Dex+5}
rPois   .          Reflect  .    J - +0 helmet
rElec   +          Harm     .    (no cloak)
rCorr   .          Rampage  .    (no gloves)
Will    +....                    (no boots)
Stlth   +                        (no amulet)
HPRegen 0.33/turn                n - +6 ring of strength
MPRegen 0.14/turn                G - +5 ring of evasion

@: mighty, about to teleport, hasted, unable to drink, very quick
A: no striking features
a: Renounce Religion


You were on level 8 of the Dungeon.
You worshipped Makhleb.
Makhleb was aware of your devotion.
You visited 2 branches of the dungeon, and saw 10 of its levels.
You visited the Abyss 1 time.
You also visited: Ossuary.

You collected 408 gold pieces.
You spent 68 gold pieces at shops.

Inventory:

Hand Weapons
 a - a +0 war axe (weapon)
Missiles
 t - 21 poisoned darts (quivered)
Armour
 b - a +0 scale mail
 c - a +0 buckler
 y - the +18 shield of the Gong (worn) {Loud rElec rN+ Will+ EV-5}
   (You acquired it on level 3 of the Dungeon)

   Loud:      It is deafeningly noisy when blocking attacks.
   EV:        It affects your evasion (-5).
   rElec:     It insulates you from electricity.
   rN:        It protects you from negative energy.
   Will:      It increases your willpower.
 E - a +2 kite shield
 J - a +0 helmet (worn)
 L - the +5 robe of Sefruuwk (worn) {rElec Dex+5}
   (You found it on level 7 of the Dungeon)

   Dex:       It affects your dexterity (+5).
   rElec:     It insulates you from electricity.
Jewellery
 n - a +6 ring of strength (left hand)
 o - a ring of ice
 G - a +5 ring of evasion (right hand)
 M - a ring of fire
Wands
 I - a wand of flame (27)
Scrolls
 f - a scroll of poison
 i - 3 scrolls of enchant armour
 j - 7 scrolls of magic mapping
 m - 4 scrolls of noise
 q - 2 scrolls of fear
 r - 2 scrolls of immolation
 s - 3 scrolls of fog
 v - a scroll of teleportation
 C - a scroll of brand weapon
 H - 4 scrolls of amnesia
 K - a scroll of vulnerability
 N - a scroll of blinking {unknown}
Potions
 d - a potion of might
 e - 2 potions of magic {unknown}
 g - 4 potions of heal wounds {unknown}
 h - 3 potions of haste
 k - a potion of lignification
 l - 2 potions of invisibility {unknown}
 p - 2 potions of brilliance {unknown}
 u - 8 potions of degeneration
 w - 3 potions of curing
 x - a potion of flight {unknown}
 z - 4 potions of resistance {unknown}
 A - a potion of attraction {unknown}
 B - a potion of cancellation {unknown}
 D - a potion of mutation {unknown}


   Skills:
 - Level 5.0 Fighting
 - Level 16.0 Axes
 - Level 3.2 Armour
 + Level 6.7 Shields
 * Level 7.7 Invocations


You had 9 spell levels left.
You didn't know any spells.
Your spell library contained the following spells:

 Spells                   Type           Power      Damage    Failure   Level
 Necrotise                Necr           0%         1d4       75%         1
 Static Discharge         Conj/Air       0%         2-2/arc   86%         2
 Vampiric Draining        Necr           0%         2d6       98%         3
 Vhi's Electric Charge    Tloc/Air       0%         N/A       98%         3
 Summon Lightning Spire   Summ/Air       0%         N/A       100%        4
 Agony                    Necr           0%         N/A       100%        5
 Arcjolt                  Conj/Air       0%         1d10      100%        5
 Iskenderun's Battlesphe  Conj           0%         2d6       100%        5
 Lightning Bolt           Conj/Air       0%         1d11      100%        5
 Iron Shot                Conj/Erth      0%         9d1       100%        6
 Spellforged Servitor     Conj/Summ      0%         N/A       100%        7
 Storm Form               Tmut/Air       0%         N/A       100%        7
 Maxwell's Capacitive Co  Air            0%         ∞         100%        8


Dungeon Overview and Level Annotations

Branches:
Dungeon (9/15)             Temple (1/1) D:7            Lair (0/5) D:8
Ossuary (visited)
    Orc: D:9-12

Altars:
Ashenzari
Cheibriados
Dithmenos
Elyvilon
Fedhas
Gozag
Hepliaklqana
Makhleb
Nemelex Xobeh
Okawaru
Qazlal
Ru
Sif Muna
Trog
Uskayaw
Vehumet
Wu Jian
Xom
Yredelemnul
The Shining One

Shops:
D:3 *   D:5 =

Annotations:
D:8 Psyche
D:9 Amaemon


Message History

You hit the starspawn tentacle but do no damage.
You slash the bone dragon! You barely miss the thrashing horror.
You block the thrashing horror's attack.
SHROANNG!
The thrashing horror tramples you but does no damage.
The bone dragon completely misses you. You block the bone dragon's attack.
GONNNNG!
You block the bone dragon's attack.
SHROANNG!
You slice the tentacled starspawn!!
You destroy the tentacled starspawn!
Makhleb accepts your kill.
The starspawn's tentacles wither and die.
You hit the bone dragon. You slash the thrashing horror!
You block the thrashing horror's attack.
GONNNNG!
You block the thrashing horror's attack.
GONNNNG!
You block the thrashing horror's attack.
GONNNNG!
You block the thrashing horror's attack.
SHROANNG!
The bone dragon bites you but does no damage.
The bone dragon claws you! The bone dragon tramples you!
* * * LOW HITPOINT WARNING * * *
You stumble backwards!
You hear a roar!
You feel the corruption within you wane completely.
You lose the ability to drink potions when taking damage less often.
You no longer become unable to drink potions after taking damage.
Training target 16.0 for Axes reached!
Your Axes skill increases to level 16!
Your Invocations skill increases to level 7!
You pass through the gate.
Welcome back to the Dungeon!
Level annotation: Psyche Reactivating autopickup.
As you read the scroll of teleportation, it crumbles to dust.
You feel strangely unstable. The bone dragon bites you!!
You die...

#..........##..#.##.##......###.
#..........##..#.##.####.....##.
#####.###.###...................
#.###.....#.....####.##...##
#.#..#......#...# #.###..##
#.#..#..........# #.# #...#
#.##............# #.# ##...
#.##.......#.#..####.# #)#.
######.##.......@D.>......####...
.#...#.###......##.....##÷.......
................#....<.#..#......
.......####.....#......#..#######
................#.........##### #
.......####.#.###...<.....#...###
.......##.......#.#..#.........##
.#...#..#.......#.#..............
#######.#.......#.#.####^####....


You could see a bone dragon.

Vanquished Creatures
  A tentacled starspawn (Abyss:2)
  A komodo dragon (D:8)
  2 steam dragons
  2 chaos spawn (Abyss:2)
  An orc warrior (D:5)
  An ice beast (D:5)
  A sky beast (D:6)
  2 ogres (D:3)
  A phantom (D:4)
  A kobold brigand (D:8)
  2 necrophages
  A bullfrog (D:6)
  A small abomination (Abyss:2)
  6 scorpions
  3 wights (D:8)
  7 killer bees (D:8)
  A howler monkey (D:5)
  3 centaur zombies (Ossuary)
  8 hounds
  3 jellies
  An orc priest (D:3)
  4 human zombies (Ossuary)
  Ijyb (D:3)
  4 iguanas
  5 orc wizards
  3 mummies (Ossuary)
  Robin (D:2)
  4 gnolls (D:5)
  9 adders
  3 white imps
  2 ufetubi
  A worm (D:2)
  A dart slug (D:3)
  23 orcs
  5 ball pythons
  8 bats
  3 endoplasms
  14 goblins
  8 hobgoblins
  11 jackals
  10 kobolds
  5 quokkas
  3 frilled lizards
  A hobgoblin zombie (Ossuary)
  8 rats
186 creatures vanquished.

Vanquished Creatures (others)
  A water moccasin (D:7)
  A centaur (D:7)
  6 plants (D:8)
  5 starspawn tentacles (Abyss:2)
13 creatures vanquished.

Grand Total: 199 creatures vanquished

Notes
Turn   | Place    | Note
-------+----------+-------------------------------------------
     0 | D:1      | DeathSun the Hill Orc Fighter began the quest for the Orb.
     0 | D:1      | Reached XP level 1. HP: 19/19 MP: 1/1
   128 | D:1      | Reached skill level 3 in Axes
   260 | D:1      | Reached XP level 2. HP: 13/26 MP: 2/2
   705 | D:1      | Reached skill level 4 in Axes
   757 | D:1      | Found a faded altar of an unknown god.
  1165 | D:2      | Reached XP level 3. HP: 32/33 MP: 3/3
  1362 | D:2      | Noticed Robin
  1369 | D:2      | Reached skill level 5 in Axes
  1372 | D:2      | Reached XP level 4. HP: 25/40 MP: 4/4
  1376 | D:2      | Killed Robin
  1948 | D:3      | Reached XP level 5. HP: 47/47 MP: 5/5
  2162 | D:3      | Found Kumax's Assorted Antiques.
  2165 | D:3      | Noticed an ogre
  2313 | D:4      | Reached skill level 6 in Axes
  2479 | D:4      | Reached skill level 5 in Fighting
  2586 | D:4      | Noticed a phantom
  2616 | D:4      | Killed a phantom
  2617 | D:4      | Reached skill level 7 in Axes
  2617 | D:4      | Reached XP level 6. HP: 23/56 MP: 6/6
  2868 | D:4      | Reached skill level 8 in Axes
  3283 | D:5      | Entered Level 5 of the Dungeon
  3307 | D:5      | Reached skill level 9 in Axes
  3307 | D:5      | Reached XP level 7. HP: 29/61 MP: 7/7
  3458 | D:5      | Found a broken altar of Ashenzari.
  3474 | D:5      | Reached skill level 10 in Axes
  3662 | D:5      | Found a sand-covered staircase.
  3684 | Ossuary  | Entered an ossuary
  3961 | Ossuary  | Reached skill level 11 in Axes
  3961 | Ossuary  | Reached XP level 8. HP: 68/68 MP: 8/8
  4289 | D:5      | Found a hazy altar of Hepliaklqana.
  4290 | D:5      | Found a faded altar of an unknown god.
  4545 | D:5      | Found Qyom's Jewellery Boutique.
  4582 | D:5      | Reached skill level 12 in Axes
  5402 | D:3      | Noticed Ijyb
  5420 | D:3      | Killed Ijyb
  5421 | D:3      | Reached skill level 13 in Axes
  5491 | D:3      | Bought a scroll of identify for 34 gold pieces
  5491 | D:3      | Bought a scroll of identify for 34 gold pieces
  5493 | D:3      | Identified a scroll of acquirement
  5495 | D:3      | Acquired the +18 shield of the Gong {Loud rElec rN+ Will+
                  | EV-5}
  5495 | D:3      | Found the +18 shield of the Gong {Loud rElec rN+ Will+
                  | EV-5}
  6109 | D:6      | Reached XP level 9. HP: 74/74 MP: 9/9
  6145 | D:6      | Reached skill level 14 in Axes
  7026 | D:7      | Found a staircase to the Ecumenical Temple.
  7028 | D:7      | Identified the +0 leather armour of Durable Freedom {Will++
                  | Int+4}
  7036 | Temple   | Entered the Ecumenical Temple
  7168 | Temple   | Became a worshipper of Makhleb the Destroyer
  7200 | D:7      | Identified the +5 robe of Sefruuwk {rElec Dex+5}
  7266 | D:7      | Reached skill level 1 in Invocations
  7322 | D:7      | Reached skill level 5 in Shields
  7967 | D:7      | Found a stormy altar of Qazlal.
  8323 | D:8      | Reached skill level 15 in Axes
  8327 | D:8      | Reached skill level 5 in Invocations
  8348 | D:8      | Noticed a komodo dragon
  8358 | D:8      | Killed a komodo dragon
  8359 | D:8      | Reached XP level 10. HP: 81/81 MP: 12/14
  8388 | D:8      | Found a bloodstained altar of Trog.
  8410 | D:8      | Reached * piety under Makhleb
  8562 | D:8      | Found a staircase to the Lair.
  8599 | D:8      | Found an ornate altar of the Wu Jian Council.
  8749 | D:9      | Noticed an orange demon
  8751 | D:9      | Noticed Amaemon
  8782 | D:9      | Noticed Psyche
  8806 | Abyss:2  | Cast into level 2 of the Abyss (Psyche)
  8820 | Abyss:2  | Found a corrupted altar of Lugonu.
  8820 | Abyss:2  | Found a runed translucent gate.
  8821 | Abyss:2  | Found a runed translucent gate.
  8822 | Abyss:2  | Found a runed translucent gate.
  8871 | Abyss:2  | Found a corrupted altar of Lugonu.
  8871 | Abyss:2  | Noticed a worldbinder
  8871 | Abyss:2  | Found a corrupted altar of Lugonu.
  8872 | Abyss:2  | Noticed a bone dragon
  8920 | Abyss:2  | Noticed a smoke demon
  8967 | Abyss:2  | Noticed a tentacled starspawn
  8974 | Abyss:2  | Noticed a lich
  8978 | Abyss:2  | Noticed a wretched star
  8988 | Abyss:2  | Noticed a tentacled starspawn
  8993 | Abyss:2  | Noticed a thrashing horror
  8996 | Abyss:2  | Killed a tentacled starspawn
  8997 | Abyss:2  | Reached skill level 16 in Axes
  8998 | D:8      | Escaped the Abyss
  8999 | D:8      | Mangled by a bone dragon

Illustrated notes

Levels and vault maps discovered:
D:1:      dpeg_arrival_yet_another_circle, layout_loops_ring,
          nicolae_ecumenical_lake_church
D:2:      layout_loops_ring, uniq_robin
D:3:      layout_loops_corners, serial_shops, nicolae_shop_crystal,
          grunt_ministairs_15, uniq_ijyb
D:4:      kennysheep_spiral_hall, layout_basic
D:5:      layout_basic, beargit_hepliaklqana_dungeon_heroes,
          mainiacjoe_overflow_paths, serial_shops, nicolae_shop_hallway_plus,
          nicolae_ossuary_entry_ruins, reono_crystal_passage, hex_large
D:6:      layout_basic, dreamdust_princess_corridor
D:7:      cheibrodos_steamvent, layout_cave_pools,
          nicolae_qazlal_eye_of_the_storm, temple_pool_b, hex_tiny
D:8:      layout_rooms, nicolae_wu_jian_glorious_leap, lemuel_tele_altar,
          david_lair_shrubbed
D:9:      layout_irregular_city, gammafunk_temple_overflow_elements,
          serial_shops, nicolae_shop_advertising_works
          [nicolae_subvault_shop_adworks], biasface_ghost_orc_armoury,
          uniq_amaemon, uniq_psyche, uniq_maggie
Temple:   regret_index_temple_waves

Skill      XL: |  1  2  3  4  5  6  7  8  9 10 |
---------------+-------------------------------+-----
Axes           | 3 4 5 7 9 11 13 15 16 | 16.0
Fighting       | 4 5 |  5.0
Shields        | 4 5 6 |  6.7
Invocations    | 5 7 |  7.7
Armour         | |  3.2

Action                     |  1- 3 |  4- 6 |  7- 9 | 10-12 || total
---------------------------+-------+-------+-------+-------++-------
  Melee: War axe           |    95 |   160 |   362 |    64 ||   681
  Throw: Dart              |       |     5 |     4 |     1 ||    10
    Use: Scroll            |       |       |    12 |     5 ||    17
         Potion            |       |       |     1 |     4 ||     5
   Stab: Distracted        |       |       |     1 |     1 ||     2
 Armour: Scale mail        |    46 |    62 |    64 |       ||   172
         Robe              |       |       |     4 |     8 ||    12
  Dodge: Dodged            |    49 |    68 |    83 |     8 ||   208
  Block: Buckler           |    23 |    31 |    24 |       ||    78
         Kite shield       |       |       |   184 |    78 ||   262

Table legend: (Time is in decaauts)
 A = Elapsed time spent in this place.
 B = Non-inter-level travel time spent in this place.
 C = Inter-level travel time spent in this place.
 D = Time resting spent in this place.
 E = Time spent auto-exploring this place.
 F = Levels seen in this place.
 G = Mean time per level.
                   A        B        C        D        E       F      G
               +--------+--------+--------+--------+--------+-----+--------+
         Total |   9026 |   8683 |    343 |      0 |   6722 |  12 |  752.2 |
       Dungeon |   8223 |   7898 |    325 |      0 |   6266 |   9 |  913.7 |
        Temple |    153 |    135 |     18 |      0 |     98 |   1 |  153.0 |
         Abyss |    161 |    161 |      0 |      0 |     32 |   1 |  161.0 |
       Ossuary |    488 |    488 |      0 |      0 |    326 |   1 |  488.0 |
               +--------+--------+--------+--------+--------+-----+--------+

Top non-repeatable levels by time:
     D:3: 1317 daAuts
     D:5: 1309 daAuts
     D:6: 1308 daAuts
     D:4: 1088 daAuts
     D:1: 1071 daAuts
     D:2: 814 daAuts
     D:8: 730 daAuts
     D:7: 543 daAuts
 Ossuary: 488 daAuts
 Abyss:2: 161 daAuts
  Temple: 153 daAuts
     D:9: 38 daAuts
